 Dungeon Crawl Stone Soup version 0.30.1-11-g7821555f0a (webtiles) character file.

Game seed: 2755614608827140684

332 NebNova the Trooper (level 6, -3/53 HPs)
             Began as a Ghoul Monk on Jan 13, 2024.
             Was a Believer of Wu Jian.
             Splashed by a jelly's acid (5 damage)
             ... on level 4 of the Dungeon.
             The game lasted 00:33:23 (2949 turns).

NebNova the Trooper (Ghoul Monk)                    Turns: 2949, Time: 00:33:24

Health: -3/53      AC: -6    Str: 15    XL:     6   Next: 52%
Magic:  5/5        EV: 13    Int:  5    God:    Wu Jian [**....]
Gold:   159        SH:  0    Dex: 13    Spells: 5/5 levels left

rFire   . . .        u - +7 dagger "Lasajas" {pain, rElec Will+ SInv}
rCold   + . .        d - orb {light}
rNeg    + + +        b - +0 robe
rPois   ∞            (no helmet)
rElec   +            (no cloak)
rCorr   .            (no gloves)
SInv    +            (no boots)
Will    +....        (no amulet)
Stlth   +            (no ring)
HPRegen 0.00/turn    (no ring)
MPRegen 0.09/turn

%: no passive effects
@: corroded, inhibited regen, glowing
A: claws 1, cold resistance 1, negative energy resistance 3, inhibited
regeneration, torment resistance 2, devour on kill
a: Renounce Religion, Wall Jump


You were on level 4 of the Dungeon.
You worshipped Wu Jian.
Wu Jian was pleased with you.
You visited 1 branch of the dungeon, and saw 4 of its levels.

You collected 159 gold pieces.

Inventory:

Hand Weapons
 u - the +7 dagger "Lasajas" (weapon) {pain, rElec Will+ SInv}
   (You found it on level 2 of the Dungeon)

   rElec:     It insulates you from electricity.
   SInv:      It lets you see invisible.
   Will:      It increases your willpower.
 x - a +2 hand axe of electrocution
 y - a +2 dagger of venom
Missiles
 n - 6 large rocks
 q - 51 stones (quivered)
 w - 4 atropa-tipped darts
Armour
 b - a +0 robe (worn)
 d - an orb of light (worn)
 g - a +1 ring mail of cold resistance
 v - an orb of light
Magical Staves
 t - a staff of air
Scrolls
 c - a scroll of vulnerability
 h - 2 scrolls of enchant weapon
 i - a scroll of brand weapon
 j - 4 scrolls of fear
 o - 4 scrolls of teleportation
 B - a scroll of identify
Potions
 a - a potion of flight {unknown}
 e - 2 potions of haste {unknown}
 f - 2 potions of resistance {unknown}
 k - a potion of curing {unknown}
 l - 3 potions of might {unknown}
 m - a potion of cancellation {unknown}
 p - a potion of heal wounds {unknown}
 r - a potion of berserk rage {unknown}
 s - a potion of brilliance {unknown}
 z - a potion of degeneration {unknown}
 A - a potion of mutation {unknown}


   Skills:
 + Level 4.6 Fighting
 * Level 3.1(3.7) Short Blades
 - Level 2.8(3.5) Long Blades
 + Level 3.8 Dodging
 + Level 2.6 Stealth
 - Level 1.1 Unarmed Combat


You had 5 spell levels left.
You didn't know any spells.
Your spell library contained the following spells:

 Spells                   Type           Power      Damage    Failure   Level
 Blink                    Tloc           0%         N/A       63%         2
 Cigotuvi's Dreadful Rot  Necr/Pois/Air  0%         N/A       63%         2
 Dispel Undead            Necr           0%         3d6       99%         4
 Manifold Assault         Tloc           0%         N/A       99%         4
 Death Channel            Necr           0%         N/A       100%        6
 Storm Form               Tmut/Air       Unusable   N/A       N/A         7

Dungeon Overview and Level Annotations

Branches:
Dungeon (4/15)
 Temple: D:4-7

Altars:
Wu Jian


Innate Abilities, Weirdness & Mutations

You are immune to poison.
You have sharp fingernails.
Your flesh is cold resistant. (rC+)
You are immune to negative energy. (rN+++)
You do not regenerate when monsters are visible.
You are immune to unholy pain and torment.
You thrive by killing the living.


Message History

The ball python hisses angrily.
A kobold comes into view. It is wielding a +0 dagger.
The kobold shouts!
The ball python closely misses you. The ball python barely misses you.
You hit the ball python.
The ball python is heavily wounded.
The ball python misses you. x2
You hit the ball python.
You kill the ball python!
The Council accepts your kill.
You lunge at the kobold.
You hit the kobold.
You kill the kobold!
The Council accepts your kill.
A jelly comes into view.
Things that are here:
a +0 dagger; a kobold corpse You see here a white potion.
Found 6 gold pieces.
You see here a smoky coppery potion.
The jelly quivers.
You hit the jelly. The acid corrodes you!
Your claws burn!
The jelly is moderately wounded.
The jelly misses you.
You hit the jelly. The acid corrodes you!
Your claws burn!
The jelly is heavily wounded.
The jelly hits you.
You are splashed with acid.
You hit the jelly but do no damage.
Your claws burn!
The jelly is heavily wounded.
The jelly hits you.
You are splashed with acid!
You hit the jelly.
Your claws burn!
The jelly is severely wounded.
You hit the jelly.
Your claws burn!
* * * LOW HITPOINT WARNING * * *
The jelly is severely wounded.
The jelly hits you.
* * * LOW HITPOINT WARNING * * *
You are splashed with acid!
* * * LOW HITPOINT WARNING * * *
You hit the jelly but do no damage.
Your claws burn!
You die...

#.................)...
#.....................
#.....................
#.....................
#.....................
###.....................
.........!)..#+#########
........!....# #
......J@.....+ #
.............# #
.............# #
..########..... ## .
#.....$ #. #...... #.
...... #. ... #. #.


You could see a jelly.

Vanquished Creatures
  An ogre (D:4)
  2 orc priests (D:4)
  Jessica (D:2)
  An orc wizard (D:4)
  An iguana (D:4)
  2 adders
  4 worms
  A dart slug (D:2)
  4 orcs
  7 ball pythons
  4 endoplasms
  3 giant cockroaches
  7 hobgoblins
  7 jackals
  4 quokkas
  7 bats
  2 frilled lizards (D:1)
  6 goblins
  10 kobolds
  3 rats
77 creatures vanquished.

Notes
Turn   | Place    | Note
-------+----------+-------------------------------------------
     0 | D:1      | NebNova the Ghoul Monk began the quest for the Orb.
     0 | D:1      | Reached XP level 1. HP: 19/19 MP: 0/0
   311 | D:1      | Reached XP level 2. HP: 26/26 MP: 1/1
   886 | D:2      | Reached skill level 1 in Unarmed Combat
   886 | D:2      | Reached XP level 3. HP: 32/33 MP: 2/2
   959 | D:2      | Identified the +7 dagger "Lasajas" {pain, rElec Will+ SInv}
   977 | D:2      | Reached skill level 1 in Short Blades
  1151 | D:2      | Reached XP level 4. HP: 36/40 MP: 3/3
  1208 | D:2      | Reached skill level 4 in Fighting
  1258 | D:2      | Noticed Jessica
  1265 | D:2      | Killed Jessica
  1266 | D:2      | Reached skill level 1 in Stealth
  1876 | D:3      | Reached XP level 5. HP: 46/46 MP: 4/4
  2232 | D:3      | Found an ornate altar of the Wu Jian Council.
  2243 | D:3      | Became a worshipper of the Wu Jian Council
  2243 | D:3      | Reached * piety under Wu Jian
  2243 | D:3      | Reached ** piety under Wu Jian
  2497 | D:4      | Noticed an ogre
  2503 | D:4      | Killed an ogre
  2504 | D:4      | Reached XP level 6. HP: 53/53 MP: 5/5
  2948 | D:4      | HP: 2/53 [acid (9)]
  2949 | D:4      | Splashed by a jelly's acid

Illustrated notes

Levels and vault maps discovered:
D:1:      tarquinn_simple_flora_water_c, layout_basic
D:2:      layout_rooms, uniq_jessica
D:3:      layout_basic, nzn_wu_jian_council_hall, chequers_avenue
D:4:      layout_gridville, mainiacjoe_overflow_swirl, serial_shops,
          nicolae_shop_waterfront, minmay_shop_grid_forest,
          chequers_serial_rivers_small_3

Skill      XL: |  1  2  3  4  5  6 |
---------------+-------------------+-----
Dodging        | 3 |  3.8
Unarmed Combat | 1 |  1.1
Short Blades   | 1 2 3 |  3.1
Fighting       | 4 |  4.6
Stealth        | 1 2 |  2.6
Long Blades    | |  2.8

Action                     |  1- 3 |  4- 6 || total
---------------------------+-------+-------++-------
  Melee: Falchion          |    61 |       ||    61
         Dagger            |    25 |   123 ||   148
Ability: Lunge             |       |     6 ||     6
    Use: Potion            |     1 |       ||     1
         Scroll            |       |     5 ||     5
   Stab: Sleeping          |       |     1 ||     1
 Armour: Robe              |    27 |     9 ||    36
  Dodge: Dodged            |    54 |    51 ||   105
